 Dungeon Crawl Stone Soup version 0.18-a0-824-g47fe746 (webtiles) character file.

653 JokEr the Insei (level 7, 0/50 HPs)
             Began as an Octopode Transmuter on Dec 16, 2015.
             Slain by an orc wizard
             ... wielding a +0 rapier
              (4 damage)
             ... on level 5 of the Dungeon on Dec 17, 2015.
             The game lasted 00:22:18 (6000 turns).

JokEr the Insei (Octopode Transmuter)               Turns: 6000, Time: 00:22:18

Health: 0/50       AC:  1    Str:  9    XL:     7   Next: 54%
Magic:  11/11      EV: 12    Int: 17    God:
Gold:   234        SH:  0    Dex: 13    Spells: 2 memorised, 6 levels left

rFire  . . .     SeeInvis .       - Unarmed
rCold  . . .     Gourm    .     (no shield)
rNeg   . . .     Faith    .     (helmet restricted)
rPois  .         Spirit   .     (no amulet)
rElec  .         Dismiss  .     (no ring)
rCorr  .         Reflect  .     (no ring)
SustAt .         Harm     .     (no ring)
MR     .....                    (no ring)
Stlth  ++........               (no ring)
                                (no ring)
                                (no ring)
                                (no ring)

@: appendage (expiring), not resistant to hostile enchantments, unstealthy
A: almost no armour, amphibious, 8 rings, constrict 8, tentacle spike 3,
camouflage 1, gelatinous body 1
a: End Transformation


You were on level 5 of the Dungeon.
You were not hungry.
One of your tentacles had a temporary spike.
You visited 1 branch of the dungeon, and saw 6 of its levels.

You collected 234 gold pieces.

Inventory:

Hand Weapons
 f - a +0 short sword
Missiles
 a - 70 arrows (quivered)
Scrolls
 h - a scroll of recharging
 n - 4 scrolls of identify
 s - a scroll of noise {unknown}
Potions
 c - 2 potions of heal wounds {unknown}
 e - a potion of berserk rage {unknown}
 j - 2 potions of lignification {unknown}
 k - a potion of brilliance {unknown}
 m - 2 potions of poison {unknown}
 o - a potion of invisibility {unknown}
Books
 b - a book of Changes

   Spells                             Type                      Level
   a - Beastly Appendage              Transmutation                1
   b - Sticks to Snakes               Transmutation                2
   c - Spider Form                    Transmutation/Poison         3
   d - Ice Form                       Ice/Transmutation            4
   e - Blade Hands                    Transmutation                5
 g - a book of Enchantments

   Spells                             Type                      Level
   a - Cause Fear                     Hexes                        4
   b - Yara's Violent Unravelling     Hexes/Transmutation          5
   c - Silence                        Hexes/Air                    5
   d - Deflect Missiles               Charms/Air                   6
   e - Haste                          Charms                       6
   f - Discord                        Hexes                        8
 i - Sif Muna's Guide on Summoning
   (You found it on level 3 of the Dungeon)

   Spells                             Type                      Level
   a - Summon Butterflies             Summoning                    1
Comestibles
 l - 2 beef jerkies
 p - a slice of pizza
 q - 2 bread rations


   Skills:
 + Level 5.5 Fighting
 - Level 0.4 Short Blades
 - Level 2.0 Dodging
 + Level 5.9 Unarmed Combat
 - Level 2.7 Spellcasting
 - Level 2.2 Transmutations


You had 6 spell levels left.
You knew the following spells:

 Your Spells              Type           Power        Failure   Level  Hunger
a - Beastly Appendage     Trmt           #.....       10%         1    #......
b - Ice Form              Ice/Trmt       #.......     95%         4    #####..


Dungeon Overview and Level Annotations

Branches:
Dungeon (6/15)
 Temple: D:4-7

Altars:
Cheibriados
Dithmenos
Gozag
Makhleb
Nemelex Xobeh
Okawaru
Qazlal
Sif Muna
Xom


Innate Abilities, Weirdness & Mutations

You cannot wear most types of armour.
You are amphibious.
You can wear up to eight rings at the same time.
You can use your tentacles to constrict eight enemies at once.
Your skin changes colour to match your surroundings (Stealth).
Your rubbery body absorbs attacks (AC +1).
One of your tentacles bears a large vicious spike.


Message History

The orc wizard flickers and vanishes!
Something hits you. Something hits you!
* * * LOW HITPOINT WARNING * * *
The orc barely misses you.
You see here a leather armour.
You closely miss the orc. You grab the orc. You squeeze the orc.
The orc is moderately wounded.
You constrict the orc. Something hits you.
* * * LOW HITPOINT WARNING * * *
You tentacle-slap the orc but do no damage.
The orc is moderately wounded.
You constrict the orc. The orc barely misses you.
The orc shouts!
You tentacle-slap the orc. You squeeze the orc.
You kill the orc!
Your transformation is almost over.
Something hits you but does no damage. Something hits you.
You die...

####.#
###........#
..#
###......### #
#.# ##.....#..
## .. #######
##....... .##
#.........####
###..... ..#
............###
##...# ..#
.o........>.##
##.## ###
.............##
#.#
........@.....#
##.#
.##..)[......#
#..#
############
#..# #.## #.#
#.# ##.# #..##
.?... ##...##


You could see an orc.

Vanquished Creatures
  Grinder (D:4)
  A phantom (D:4)
  A crimson imp (D:5)
  2 orc priests (D:5)
  3 orc wizards (D:3)
  Terence (D:2)
  A worker ant (D:4)
  A worker ant zombie (D:3)
  8 adders
  An ooze (D:1)
  2 worms
  3 giant geckos
  4 orcs
  12 hobgoblins
  A ball python (D:2)
  4 bats
  5 giant cockroaches
  A giant newt (D:2)
  5 goblins
  6 jackals (D:1)
  5 kobolds
  A quokka (D:3)
  6 rats
75 creatures vanquished.

Notes
Turn   | Place    | Note
--------------------------------------------------------------
     0 | D:1      | JokEr the Octopode Transmuter began the quest for the Orb.
     0 | D:1      | Reached XP level 1. HP: 13/13 MP: 3/3
   295 | D:1      | Reached XP level 2. HP: 9/18 MP: 3/5
   869 | D:1      | Reached XP level 3. HP: 20/24 MP: 6/6
  1100 | D:1      | Found a sparkling altar of Nemelex Xobeh.
  1665 | D:2      | Noticed Terence
  1678 | D:2      | Killed Terence
  1678 | D:2      | Reached XP level 4. HP: 9/30 MP: 6/8
  2451 | D:2      | Found a shadowy altar of Dithmenos.
  2638 | D:2      | Found a snail-covered altar of Cheibriados.
  2834 | D:2      | Learned a level 4 spell: Ice Form
  2848 | D:3      | Reached XP level 5. HP: 8/36 MP: 4/9
  3297 | D:3      | Upgraded the game from 0.18-a0-822-gb52b7b4 to 0.18-a0-824-g47fe746
  3378 | D:3      | Found a burning altar of Makhleb.
  3397 | D:3      | Reached skill level 4 in Unarmed Combat
  3878 | D:3      | Found a deep blue altar of Sif Muna.
  3917 | D:3      | Reached XP level 6. HP: 5/43 MP: 10/10
  4189 | D:3      | Identified Sif Muna's Guide on Summoning
  4304 | D:4      | Found a shimmering altar of Xom.
  4567 | D:4      | Found an iron altar of Okawaru.
  4652 | D:4      | Found a stormy altar of Qazlal.
  4654 | D:4      | Noticed a fire elemental
  4655 | D:4      | Noticed a water elemental
  4655 | D:4      | Noticed an air elemental
  4814 | D:4      | Noticed Grinder
  4815 | D:4      | Paralysed by Grinder for 6 turns
  4829 | D:4      | Killed Grinder
  4829 | D:4      | Reached skill level 5 in Unarmed Combat
  4829 | D:4      | Reached XP level 7. HP: 14/49 MP: 9/11
  5433 | D:4      | Reached skill level 5 in Fighting
  5697 | D:5      | Entered Level 5 of the Dungeon
  5783 | D:5      | Found an opulent altar of Gozag.
  6000 | D:5      | Slain by an orc wizard

Vault maps used:
D:1:      nicolae_arrival_somewhat_less_tricky_arrival,
          nemelex_diamond_rough_becter
D:2:      nicolae_overflow_hidden_temple, lemuel_coloured_pillars_altar,
          uniq_terence
D:3:      nicolae_overflow_crystal_walls, led_sif_book
D:4:      okawaru_trees_1, nicolae_qazlal_style_of_elements, lemuel_round_altar,
          first_bread, uniq_grinder
D:5:      grunt_gozag_breadcrumbs, uniq_prince_ribbit1
D:6:      grunt_decor_one_mirror, tso_metal_star

Action                   |  1- 3 |  4- 6 |  7- 9 || total
-------------------------+-------+-------+-------++-------
Melee: Unarmed           |    78 |    81 |    36 ||   195
       Flail             |       |    24 |       ||    24
 Cast: Beastly Appendage |    13 |     7 |     4 ||    24
 Abil: End Transformatio |       |     1 |       ||     1
  Use: Scroll            |     6 |       |     3 ||     9
       Potion            |       |       |     1 ||     1
 Stab: Sleeping          |       |     8 |       ||     8
  Eat: Bread ration      |     1 |       |       ||     1
       Chunk             |       |     7 |     1 ||     8
       Fruit             |       |     1 |       ||     1
       Meat ration       |       |       |     1 ||     1
